 Dungeon Crawl Stone Soup version 0.14-a0-155-gd989017 (webtiles) character file.

212323 Leibowitz the Acrobat (level 19, -7/108 HPs)
             Began as a Kobold Berserker on Oct 5, 2013.
             Was a High Priest of Trog.
             Mangled by a vault warden
             ... wielding a +0,+0 morningstar
              (24 damage)
             ... on Level 2 of the Vaults on Oct 6, 2013.
             The game lasted 04:01:07 (55186 turns).

Leibowitz the Acrobat (Kobold Berserker)           Turns: 55186, Time: 04:01:07

HP  -7/108       AC 15     Str 21      XL: 19   Next: 51%
MP  21/21        EV 38     Int 11      God: Trog [*****.]
Gold 3689        SH 21     Dex 26      Spells:  0 memorised, 18 levels left

Res.Fire  : . . .   See Invis. : .   a - +4,+8 dwarf sabre (freeze)
Res.Cold  : . . .   Warding    : .   G - +1 leather armour "Khaj Yse" {Int+3 Acc+5 Life Prot.: . . . Conserve : . f - +2 elf buckler {AC+3}
Res.Poison: +       Res.Corr.  : .   U - +0 helmet {Int+3}
Res.Elec. : .       Clarity    : .   I - +2 cloak {MR+}
Sust.Abil.: . .     Spirit.Shd : .   R - +0 pair of gauntlets {Str+3}
Res.Mut.  : .       Stasis     : .   b - +0 pair of elf boots
Res.Rott. : .       Flight     : .   u - amulet of faith
Saprovore : + + .                    V - +6 ring of dexterity
                                     L - ring of poison resistance

@: quite resistant to hostile enchantments, uncannily stealthy
A: disease resistance, carnivore 3, deformed body, -10% hp, saprovore 2, AC +4,
Dex -1
a: Burn Spellbooks, Berserk, Trog's Hand, Brothers in Arms, Renounce Religion
}: 1/15 runes: serpentine


You were on level 2 of the Vaults.
You worshipped Trog.
Trog was extremely pleased with you.
You were not hungry.

You visited 8 branches of the dungeon, and saw 45 of its levels.
You visited 1 bazaar.
You also visited: Labyrinth and Sewer.

You collected 4054 gold pieces.
You spent 385 gold pieces at shops.

Inventory:

Hand weapons
 a - a +4,+8 dwarven sabre of freezing (weapon)
 c - a +3,+3 short sword of holy wrath
 l - a +0,+3 sabre of electrocution
 t - a +3,+5 sabre of venom
 v - a +7,+2 elven quick blade
 y - a -1,+0 orcish short sword of flaming
 C - a +0 blowgun
Missiles
 D - 14 curare-tipped needles
Armour
 b - a +0 pair of elven boots (worn)
 f - a +2 elven buckler of protection (worn)
 G - the +1 leather armour "Khaj Yse" (worn) {Int+3 Acc+5 Stlth++}
   (You bought it in a shop on level 4 of the Orcish Mines)

   It affects your intelligence (+3).
   It affects your accuracy (+5).
   It makes you much more stealthy.
 I - a +2 cloak of magic resistance (worn)
 M - the +1 robe of Indomitability {+Jump rPois rN+}
   (You found it on level 3 of the Snake Pit)

   It protects you from poison.
   It protects you from negative energy.
   It lets you perform a jump-attack.
 R - a +0 pair of gauntlets of strength (worn)
 U - a +0 helmet of intelligence (worn)
Magical devices
 r - a wand of draining (1)
 J - a wand of heal wounds (5)
 P - a wand of cold (2)
 W - a wand of paralysis (6)
Comestibles
 d - 8 meat rations
Scrolls
 g - 5 scrolls of magic mapping
 i - 8 scrolls of blinking
 k - 2 scrolls of fog
 m - 4 scrolls of recharging
 n - 9 scrolls of identify
 o - 6 scrolls of remove curse
 s - 6 scrolls of teleportation
 E - a scroll of immolation
 Q - a scroll of vulnerability
 Y - 2 scrolls of fear
Jewellery
 j - an uncursed amulet of clarity
 p - an uncursed ring of protection from magic
 q - an uncursed amulet of guardian spirit
 u - an amulet of faith (around neck)
 w - an uncursed ring of protection from cold
 L - a ring of poison resistance (left hand)
 N - an uncursed ring of protection from fire
 V - a +6 ring of dexterity (right hand)
Potions
 e - 6 potions of brilliance
 h - 2 potions of agility
 x - a potion of berserk rage
 z - 10 potions of curing
 A - 11 potions of heal wounds
 B - 3 potions of might
 H - 4 potions of resistance
 O - 7 potions of restore abilities
 Z - 2 potions of speed
Books
 S - a book of Enchantments

   Spells                             Type                      Level
   Cause Fear                         Hexes                        4
   Silence                            Hexes/Air                    5
   Tukima's Dance                     Hexes                        5
   Deflect Missiles                   Charms/Air                   6
   Haste                              Charms                       6
   Discord                            Hexes                        8
   Trog disapproves of the use of such an item.
 T - a book of the Tempests

   Spells                             Type                      Level
   Static Discharge                   Conjuration/Air              3
   Lightning Bolt                     Conjuration/Air              5
   Fireball                           Conjuration/Fire             5
   Tornado                            Air                          9
   Shatter                            Earth                        9
   Trog disapproves of the use of such an item.
 X - a book of Hinderance

   Spells                             Type                      Level
   Confusing Touch                    Hexes                        1
   Slow                               Hexes                        2
   Confuse                            Hexes                        3
   Petrify                            Transmutation/Earth          4
   Leda's Liquefaction                Hexes/Earth                  4
   Metabolic Englaciation             Hexes/Ice                    6
   Trog disapproves of the use of such an item.


   Skills:
 + Level 14.5 Fighting
 - Level 14.1 Short Blades
 - Level 1.5 Armour
 + Level 22.5 Dodging
 * Level 21.1 Stealth
 + Level 10.2 Shields
 + Level 1.8 Evocations


You had 18 spell levels left.
You didn't know any spells.

Dungeon Overview and Level Annotations

Branches:
Dungeon (18/27)            Temple (1/1) D:6             Orc (4/4) D:7
    Elf (3/3) Orc:3          Lair (8/8) D:10          Swamp (4/5) Lair:4
  Snake (5/5) Lair:4        Slime (0/6) Lair:8       Vaults (2/5) D:18
  Crypt: Vaults:2-3  Forest: Vaults:2-3

Altars:
Ashenzari
Cheibriados
Elyvilon
Fedhas
Kikubaaqudgha
Makhleb
Nemelex Xobeh
Okawaru
Sif Muna
Trog
Vehumet
Xom
Yredelemnul
Zin
the Shining One
Beogh
Lugonu

Shops:
D:11 ?   D:13 %   Orc:2 *   Orc:4 ?+[(   Snake:1 [   Vaults:2 ?

Portals:
Ziggurat: D:6 (5890 gp)

Annotations:
D:9 exclusions: ice statue and silver statue
Lair:3 exclusion: oklob plant
Swamp:4 Mara


Innate Abilities, Weirdness & Mutations

You recuperate from illness quickly.
You are small and have problems with some larger weapons.
You are carnivorous and can eat meat at any time.
You can eat rotten meat.
You are partially covered in rough black scales (AC +4, Dex -1).
Armour fits poorly on your strangely shaped body.
You are frail (-10% HP).


Message History

You slash the vault warden! You freeze the vault warden.
The vault warden is moderately wounded.
You barely miss the vault warden.
The vault warden is moderately wounded.
The vault warden hits you with a morningstar!
* * * LOW HITPOINT WARNING * * *
You slash the vault warden! You freeze the vault warden.
The vault warden is moderately wounded.
You hit the vault warden. You freeze the vault warden.
The vault warden is heavily wounded.
The vault warden hits you with a morningstar.
* * * LOW HITPOINT WARNING * * *
You slash the vault warden! You freeze the vault warden.
The vault warden is heavily wounded.
You puncture the vault warden! You freeze the vault warden.
The vault warden is severely wounded.
You slash the vault warden! You freeze the vault warden!
The vault warden is almost dead.
The vault warden hits you with a morningstar!
You die...

........#........#.
........#...>....#
.......#........#
......#.......!#
...#########+##
..#.........#
#....!.)..#
#.....[...#
#.....@@).#
#....<....+
#.........#
#....)....#
#.........+
.........#
#########


You could see a vault warden.

Vanquished Creatures
  Frederick (Snake:5)
  Nikola (D:17)
  Wiglaf (D:17)
  An orc warlord (Orc:4)
  Louise (D:17)
  2 vault wardens (Vaults:1)
  6 greater nagas
  2 stone giants
  Snorg (Vaults:1)
  An ettin (Vaults:1)
  A minotaur (Lab)
  An ironheart preserver (Vaults:1)
  A deep elf death mage (D:14)
  2 yaktaur captains (Vaults:1)
  5 vault guards
  Harold (D:13)
  9 hydras
  6 anacondas
  Erica (D:10)
  2 ogre magi (Vaults:1)
  5 alligators
  10 death yaks
  8 naga warriors
  An orc high priest (Orc:4)
  6 centaur warriors
  2 deep elf knights (Elf:2)
  2 fire crabs (Vaults:1)
  3 catoblepae (Lair:8)
  7 skeletal warriors
  3 unseen horrors
  An iron troll (Vaults:1)
  2 giant amoebae (Vaults:1)
  An ice statue (Snake:4)
  5 ironbrand convokers
  10 hill giants
  5 deep elf conjurers
  3 swamp dragons
  A stone giant zombie (D:17)
  3 orc knights
  5 orc sorcerers
  A griffon (D:14)
  A fire giant zombie (Vaults:1)
  A red wasp (Vaults:1)
  4 cyclopes
  2 deep elf summoners (Elf:2)
  A frost giant skeleton (Vaults:1)
  9 guardian serpents (Snake:5)
  A moth of wrath (shapeshifter) (D:16)
  31 black mambas
  A stone giant skeleton (Vaults:1)
  3 elephants (Lair:6)
  A queen ant (Lair:8)
  16 yaktaurs
  9 spiny frogs
  A feature mimic (Orc:4)
  2 fire drakes
  The ghost of namnharef the Digger, an experienced GrEE of Okawaru (D:5)
  9 komodo dragons
  A giant firefly (shapeshifter) (Vaults:1)
  6 naga magi
  Sonja (Orc:3)
  10 trolls
  A jumping spider (Elf:2)
  6 giant leeches
  A red devil (Elf:2)
  Prince Ribbit (D:4)
  5 bog bodies
  5 deep elf priests
  5 two-headed ogres
  8 blink frogs
  A fire giant simulacrum (Vaults:1)
  A boulder beetle (Vaults:1)
  A griffon zombie (D:17)
  A grizzly bear (Lair:5)
  2 tarantellas (Elf:2)
  30 slime creatures
  A shadow (D:13)
  2 basilisks
  A trapdoor spider (D:12)
  3 wraiths
  2 redbacks (Elf:2)
  A vampire (D:17)
  2 elephant slugs
  A ynoxinul (Orc:4)
  2 hill giant zombies
  13 deep elf magi
  47 ugly things
  Eustachio (D:5)
  A neqoxec (Orc:4)
  8 hippogriffs
  Grum (Orc:1)
  28 vampire mosquitoes
  4 wyverns
  A hill giant skeleton (D:11)
  93 yaks
  5 manticores
  A clay golem (D:14)
  A hog (Swamp:3)
  4 rock worms
  A steam dragon (D:14)
  9 wolves
  13 deep elf fighters
  Edmund (D:5)
  A hungry ghost (D:13)
  32 orc warriors
  An agate snail zombie (D:16)
  34 swamp worms
  20 soldier ants (Lair:8)
  5 swamp drakes
  A kobold demonologist (Vaults:1)
  17 ogres
  56 nagas
  4 mottled dragons
  3 black bears
  3 sky beasts
  A phantom (D:8)
  A freezing wraith (Vaults:1)
  3 giant goldfish (Snake:2)
  8 porcupines
  6 ice beasts
  11 centaurs
  12 big kobolds
  4 wargs
  A brain worm (D:16)
  17 giant frogs
  2 rotting devils (Orc:4)
  53 water moccasins
  9 giant slugs
  A yaktaur zombie (D:15)
  Blork the orc (Orc:1)
  2 gnoll sergeants (D:8)
  18 crocodiles
  9 agate snails
  5 insubstantial wisps (Swamp:2)
  2 yaktaur skeletons
  A wyvern zombie (D:12)
  A boulder beetle zombie (D:18)
  A cyclops skeleton (D:11)
  2 troll zombies
  2 hippogriff zombies
  2 eyes of draining (D:13)
  4 jellyfish
  A hippogriff skeleton (D:11)
  13 killer bees
  6 goliath beetles
  13 big fish
  5 electric eels
  11 hounds
  4 crimson imps
  6 jellies
  A centaur zombie (D:12)
  30 orc priests
  28 orc wizards
  2 quasits (D:7)
  2 two-headed ogre zombies
  Crazy Yiuf (D:5)
  A centaur skeleton (D:10)
  10 iguanas
  A scorpion (D:8)
  29 worker ants
  26 sheep
  An orange rat (Elf:2)
  2 halflings (D:1)
  2 killer bee zombies
  An ogre zombie (D:5)
  A sky beast zombie (D:6)
  A big kobold skeleton (D:10)
  A mottled dragon skeleton (D:11)
  A mummy (D:11)
  3 boggarts (Vaults:1)
  A spectral human (D:5)
  16 gnolls
  54 adders
  28 green rats
  9 giant centipedes
  A giant mite (D:6)
  A shadow imp (Orc:4)
  A white imp (Orc:4)
  9 worms
  3 ufetubi (Orc:4)
  A scorpion zombie (D:5)
  An adder zombie (D:8)
  2 grey rats (Sewer)
  An iguana skeleton (D:5)
  2 giant eyeballs
  11 giant geckos
  16 oozes
  181 orcs
  11 giant cockroaches
  20 goblins
  23 hobgoblins
  27 jackals
  12 quokkas
  4 ball pythons
  22 bats
  4 giant newts
  A giant spore (D:9)
  73 kobolds
  5 orc zombies (Orc:4)
  A quokka zombie (D:5)
  25 rats
  A rat zombie (D:6)
  23 ballistomycetes
  5 plants
1710 creatures vanquished.

Vanquished Creatures (collateral kills)
  Kirke (Swamp:3)
  The ghost of shugdite the Warrior, a powerful MiFi of Okawaru (D:16)
  Gastronok (Lair:1)
  5 greater nagas (Snake:5)
  An ironheart preserver (Vaults:1)
  Nessos (Snake:2)
  2 anacondas (Snake:5)
  An alligator (Swamp:3)
  8 naga warriors (Snake:5)
  An orc high priest (Orc:4)
  Nergalle (Lair:2)
  A deep elf knight (Elf:2)
  3 skeletal warriors
  A swamp dragon (Swamp:3)
  A hill giant (D:18)
  An ironbrand convoker (Vaults:1)
  A cyclops (Vaults:1)
  7 guardian serpents (Snake:5)
  A black mamba (Snake:5)
  A demonic crawler (Elf:2)
  4 yaktaurs (D:18)
  A fire drake (Lair:1)
  2 naga magi (Snake:5)
  A troll (Orc:4)
  A giant leech (Swamp:2)
  3 slime creatures (Swamp:2)
  A vampire mosquito (Swamp:3)
  3 orc warriors (Orc:4)
  A centaur (Vaults:1)
  A giant frog (Lair:2)
  A warg (Orc:4)
  6 orc priests (Orc:4)
  An orc wizard (Orc:4)
  3 orange rats (Elf:2)
  A sheep (Lair:1)
  A giant gecko (Lair:2)
  11 orcs (Orc:4)
  3 spectral orcs (Lair:2)
85 creatures vanquished.

Vanquished Creatures (others)
  A stone giant (Snake:5)
  2 deep trolls (Snake:5)
  2 hill giants
  3 black mambas (Snake:5)
  2 guardian serpents (Snake:5)
  3 humans (Swamp:3)
  4 trolls
  A deep elf fighter (Elf:1)
  A hungry ghost (D:10)
  6 nagas (Snake:5)
  3 water moccasins (Snake:5)
  A worker ant (Lair:8)
  An orc priest (Orc:4)
  A halfling (D:1)
  A boggart (Vaults:1)
  An adder (Snake:5)
  An orc (Orc:1)
  A ball python (Snake:5)
  A hobgoblin (D:10)
  3 jackals (D:7)
  3 giant spores
  A kobold (D:17)
  3 fungi
  5 plants
51 creatures vanquished.

Grand Total: 1846 creatures vanquished

Notes
Turn   | Place    | Note
--------------------------------------------------------------
     0 | D:1      | Leibowitz, the Kobold Berserker, began the quest for the Orb.
     0 | D:1      | Reached XP level 1. HP: 14/14 MP: 0/0
   324 | D:1      | Reached XP level 2. HP: 14/19 MP: 1/1
   447 | D:1      | Reached XP level 3. HP: 13/24 MP: 2/2
   576 | D:1      | Acquired Trog's second power
   867 | D:1      | Reached skill level 1 in Stealth
   944 | D:1      | Reached XP level 4. HP: 25/29 MP: 3/3
   954 | D:1      | Reached XP level 5. HP: 28/33 MP: 4/4
  1245 | D:2      | Found an iron altar of Okawaru.
  2186 | D:3      | Reached XP level 6. HP: 34/39 MP: 5/5
  2355 | D:3      | Reached skill level 5 in Short Blades
  2432 | D:3      | Found a snail-covered altar of Cheibriados.
  2470 | D:3      | Noticed a black bear
  2480 | D:3      | Killed a black bear
  2480 | D:3      | Reached skill level 5 in Dodging
  2556 | D:3      | Reached skill level 5 in Fighting
  2776 | D:3      | Acquired Trog's third power
  3193 | D:4      | Found a shattered altar of Ashenzari.
  3198 | D:4      | Saw a vision of the Swamp and the Snake Pit.
  3198 | D:4      | Noticed a naga
  3198 | D:4      | Noticed an anaconda
  3198 | D:4      | Noticed a naga
  3198 | D:4      | Noticed a black mamba
  3198 | D:4      | Noticed a naga
  3198 | D:4      | Noticed a swamp drake
  3198 | D:4      | Noticed an alligator
  3198 | D:4      | Noticed a swamp drake
  3198 | D:4      | Noticed an alligator
  3198 | D:4      | Noticed a swamp drake
  3319 | D:4      | Reached XP level 7. HP: 37/44 MP: 6/6
  3543 | D:4      | Reached skill level 6 in Dodging
  3997 | D:4      | Noticed Prince Ribbit
  4020 | D:4      | Killed Prince Ribbit
  4355 | D:5      | Entered Level 5 of the Dungeon
  4361 | D:5      | Reached skill level 7 in Dodging
  4361 | D:5      | Reached XP level 8. HP: 49/49 MP: 7/7
  4650 | D:5      | Noticed Eustachio
  4657 | D:5      | Killed Eustachio
  4657 | D:5      | Reached skill level 5 in Stealth
  4691 | D:5      | Found a deep blue altar of Sif Muna.
  4746 | D:5      | Noticed namnharef's ghost (experienced GrEE)
  4786 | D:5      | Killed namnharef's ghost
  4786 | D:5      | Reached skill level 8 in Dodging
  4836 | D:5      | Noticed Edmund
  4866 | D:5      | Killed Edmund
  4866 | D:5      | Received a gift from Trog
  5074 | D:5      | Noticed Crazy Yiuf
  5082 | D:5      | Killed Crazy Yiuf
  5172 | D:5      | Found a basalt altar of Yredelemnul.
  5379 | D:6      | Found a glowing drain.
  5401 | Sewer    | Entered a sewer
  5490 | Sewer    | Reached XP level 9. HP: 50/54 MP: 8/8
  5549 | Sewer    | Found a white marble altar of Elyvilon.
  5711 | D:6      | Found a shimmering altar of Xom.
  5739 | D:6      | Reached skill level 9 in Dodging
  5742 | D:6      | Found a gateway to a ziggurat.
  5744 | D:6      | Noticed an angel
  6088 | D:6      | Found a staircase to the Ecumenical Temple.
  6120 | Temple   | Entered the Ecumenical Temple
  6537 | D:7      | Reached skill level 10 in Dodging
  6904 | D:7      | Found a white marble altar of Elyvilon.
  7320 | D:7      | Found a staircase to the Orcish Mines.
  7349 | D:7      | Received a gift from Trog
  7409 | D:7      | Reached skill level 11 in Dodging
  7434 | D:7      | Reached XP level 10. HP: 27/60 MP: 9/9
  7596 | D:7      | Found a roughly hewn altar of Beogh.
  7633 | D:7      | Found an ancient bone altar of Kikubaaqudgha.
  8232 | D:8      | Reached skill level 12 in Dodging
  8456 | D:8      | Found a basalt altar of Yredelemnul.
  8811 | D:8      | Found a white marble altar of Elyvilon.
  8814 | D:8      | Found a sparkling altar of Nemelex Xobeh.
  8817 | D:8      | Found a glowing silver altar of Zin.
  9394 | D:8      | Found a blossoming altar of Fedhas.
 10071 | D:9      | Reached skill level 13 in Dodging
 10090 | D:9      | Reached XP level 11. HP: 36/66 MP: 10/10
 10655 | D:9      | Noticed an ice statue
 10663 | D:9      | Reached skill level 1 in Shields
 11633 | D:10     | Entered Level 10 of the Dungeon
 11673 | D:10     | Found a glowing golden altar of the Shining One.
 11673 | D:10     | Noticed a hill giant
 11676 | D:10     | Killed a hill giant
 11676 | D:10     | Reached skill level 10 in Stealth
 11676 | D:10     | Reached skill level 1 in Evocations
 11829 | D:10     | HP: 5/100 [yak (6)]
 11833 | D:10     | Reached skill level 14 in Dodging
 12150 | D:10     | Noticed a hill giant
 12190 | D:10     | Killed a hill giant
 12190 | D:10     | Received a gift from Trog
 12377 | D:10     | Noticed a hill giant
 12378 | D:10     | Noticed Erica
 12388 | D:10     | Killed Erica
 12397 | D:10     | HP: 1/100 [hill giant/giant club (45)]
 12398 | D:10     | Killed a hill giant
 12663 | D:10     | Noticed a skeletal warrior
 12670 | D:10     | Noticed a skeletal warrior
 12696 | D:10     | Killed a skeletal warrior
 12696 | D:10     | Reached XP level 12. HP: 42/72 MP: 13/13
 12707 | D:10     | Killed a skeletal warrior
 12707 | D:10     | Reached skill level 15 in Dodging
 12863 | D:10     | Noticed a skeletal warrior
 12867 | D:10     | Noticed a skeletal warrior
 12904 | D:10     | Killed a skeletal warrior
 12906 | D:10     | Killed a skeletal warrior
 13164 | D:10     | Noticed a skeletal warrior
 13167 | D:10     | Killed a skeletal warrior
 13311 | D:10     | Found a staircase to the Lair.
 13446 | Lair:1   | Entered Level 1 of the Lair of Beasts
 13446 | Lair:1   | Noticed Gastronok
 13452 | Lair:1   | Killed Gastronok
 13572 | Lair:1   | Reached skill level 10 in Short Blades
 13890 | Lair:1   | Reached skill level 16 in Dodging
 14158 | Lair:2   | Noticed Nergalle
 14169 | Lair:2   | Killed Nergalle
 14806 | Lair:2   | Received a gift from Trog
 14809 | Lair:2   | Got a brightly glowing short sword {god gift}
 14810 | Lair:2   | Identified the +6,+3 short sword "Vofuak" {freeze, rN+} (Trog gifted it to you on level 2 of the Lair of Beasts)
 14810 | Lair:2   | Identified the +6,+3 short sword "Vofuak" {freeze, rN+} (Trog gifted it to you on level 2 of the Lair of Beasts)
 15042 | Lair:3   | Reached XP level 13. HP: 79/79 MP: 14/14
 15045 | Lair:3   | Found a labyrinth entrance.
 15055 | Lab      | Entered a labyrinth
 15112 | Lab      | Noticed a minotaur
 15116 | Lab      | Killed a minotaur
 15119 | Lab      | Got a heavily runed turquoise ring
 15131 | Lab      | Identified the ring "Zuevebb" {Ice Int+3 Acc+4 Stlth--} (You found it in a labyrinth)
 16052 | Lair:3   | Received a gift from Trog
 16567 | Lair:4   | Found a staircase to the Swamp.
 16655 | Lair:4   | Found a staircase to the Snake Pit.
 16718 | Lair:4   | Received a gift from Trog
 17031 | Lair:4   | Reached skill level 10 in Fighting
 17980 | Lair:5   | Reached skill level 5 in Shields
 18843 | Lair:6   | Reached skill level 17 in Dodging
 19220 | Lair:6   | Received a gift from Trog
 19764 | Orc:1    | Entered Level 1 of the Orcish Mines
 19764 | Orc:1    | Noticed Blork the orc
 19776 | Orc:1    | Killed Blork the orc
 20103 | Orc:2    | Found a bloodstained altar of Trog.
 20160 | Orc:2    | Found Ynnoamn's Assorted Antiques.
 20350 | Orc:2    | Reached XP level 14. HP: 86/86 MP: 16/16
 20366 | Orc:2    | Received a gift from Trog
 20697 | Orc:1    | Noticed Grum
 21039 | Orc:1    | Killed Grum
 21488 | Orc:3    | Found a staircase to the Elven Halls.
 21497 | Orc:3    | Received a gift from Trog
 21936 | Orc:3    | Noticed Sonja
 21943 | Orc:3    | Killed Sonja
 22356 | D:11     | Received a gift from Trog
 22424 | D:11     | Found Threat's Magic Scroll Emporium.
 22576 | D:11     | Gained mutation: Armour fits poorly on your strangely shaped body. [potion of mutation]
 22576 | D:11     | Gained mutation: You are partially covered in rough black scales (AC +4, Dex -1). [potion of mutation]
 22576 | D:11     | Gained mutation: You are frail (-10% HP). [potion of mutation]
 23621 | D:12     | Found a flickering gateway to a bazaar.
 23631 | Bazaar   | Entered a bazaar
 23645 | Bazaar   | Found Coopegri's Gadget Emporium.
 23645 | Bazaar   | Found Ublisoq's Gadget Shoppe.
 23666 | Bazaar   | Found Keumm's Antique Weapon Emporium.
 23666 | Bazaar   | Found Voptuasa's Distillery.
 23676 | Bazaar   | Bought a potion of curing for 32 gold pieces
 23676 | Bazaar   | Bought a potion of curing for 32 gold pieces
 23676 | Bazaar   | Bought a potion of heal wounds for 48 gold pieces
 23690 | Bazaar   | Found Pniklanaw's Food Shoppe.
 23743 | D:12     | Received a gift from Trog
 25085 | D:13     | Noticed Harold
 25089 | D:13     | Killed Harold
 25167 | D:13     | Reached skill level 15 in Stealth
 25300 | D:13     | Reached skill level 18 in Dodging
 25306 | D:13     | Found Hewecom's Food Shop.
 25371 | D:13     | Received a gift from Trog
 25971 | D:14     | Entered Level 14 of the Dungeon
 25997 | D:14     | Found a basalt altar of Yredelemnul.
 26129 | D:14     | Found an iron altar of Okawaru.
 26143 | D:14     | Found a glowing golden altar of the Shining One.
 26143 | D:14     | Noticed a stone giant
 26147 | D:14     | Killed a stone giant
 26335 | D:14     | Reached XP level 15. HP: 69/82 MP: 14/17
 26994 | D:15     | Entered Level 15 of the Dungeon
 28301 | D:16     | Noticed shugdite's ghost (powerful MiFi)
 28323 | D:16     | Killed shugdite's ghost
 28801 | D:16     | Found a glowing silver altar of Zin.
 29617 | Lair:6   | Reached skill level 19 in Dodging
 29803 | Lair:6   | Received a gift from Trog
 30334 | Lair:8   | Entered Level 8 of the Lair of Beasts
 30769 | Lair:8   | Received a gift from Trog
 31182 | Lair:8   | Identified a scroll of acquirement
 31183 | Lair:8   | Got a heavily runed leather armour
 31191 | Lair:8   | Identified the +5 leather armour "Xiecle" {Stlth--} (You acquired it on level 8 of the Lair of Beasts)
 31539 | Lair:8   | Found a staircase to the Slime Pits.
 31715 | Lair:8   | Received a gift from Trog
 32090 | Lair:8   | Reached XP level 16. HP: 71/90 MP: 18/18
 32839 | Snake:1  | Entered Level 1 of the Snake Pit
 32873 | Snake:1  | Found Lajesegieq's Armour Emporium.
 33027 | Snake:1  | Paralysed by a potion of paralysis for 6 turns
 33567 | Snake:2  | Received a gift from Trog
 33807 | Snake:2  | Noticed Nessos
 33827 | Snake:2  | Killed Nessos
 34420 | Snake:3  | Got a thick robe
 34427 | Snake:3  | Identified the +1 robe of Indomitability {+Jump rPois rN+} (You found it on level 3 of the Snake Pit)
 35441 | Snake:3  | Got a dull robe
 35448 | Snake:3  | Identified the +1 robe "Freppyru" {Dex+2 Int+3} (You found it on level 3 of the Snake Pit)
 35562 | Snake:4  | Received a gift from Trog
 36692 | Snake:5  | Entered Level 5 of the Snake Pit
 36878 | Swamp:1  | Entered Level 1 of the Swamp
 37065 | Swamp:1  | Reached skill level 20 in Dodging
 37777 | Swamp:2  | Received a gift from Trog
 38459 | Swamp:2  | Reached XP level 17. HP: 92/95 MP: 19/19
 39483 | Swamp:3  | Received a gift from Trog
 39503 | Swamp:3  | Noticed Kirke
 39551 | Swamp:3  | Killed Kirke
 40198 | Swamp:4  | Noticed Mara
 40558 | Orc:4    | Entered Level 4 of the Orcish Mines
 40937 | Orc:4    | Found a roughly hewn altar of Beogh.
 40937 | Orc:4    | Found Croisaid's Book Emporium.
 41166 | Orc:4    | Received a gift from Trog
 41267 | Orc:4    | Found a roughly hewn altar of Beogh.
 41584 | Orc:4    | Found a roughly hewn altar of Beogh.
 41759 | Orc:4    | Found a roughly hewn altar of Beogh.
 41814 | Orc:4    | Found Chauzuank's Antique Armour Emporium.
 41834 | Orc:4    | Found Sirphil's Antique Weapon Shoppe.
 42021 | Orc:4    | Bought a transparent leather armour for 273 gold pieces
 42029 | Orc:4    | Identified the +1 leather armour "Khaj Yse" {Int+3 Acc+5 Stlth++} (You bought it in a shop on level 4 of the Orcish Mines)
 42181 | Orc:4    | Found a roughly hewn altar of Beogh.
 42203 | Orc:4    | Found Plushriown's Magic Scroll Shoppe.
 42677 | D:17     | Received a gift from Trog
 43048 | D:17     | Noticed Nikola
 43055 | D:17     | Killed Nikola
 43192 | D:17     | Noticed Wiglaf
 43217 | D:17     | Killed Wiglaf
 43533 | D:17     | Noticed Louise
 43536 | D:17     | Killed Louise
 43536 | D:17     | Reached skill level 21 in Dodging
 43737 | D:18     | Found a staircase to the Vaults.
 44790 | Vaults:1 | Entered Level 1 of the Vaults
 45161 | Vaults:1 | Found a glowing golden altar of the Shining One.
 45242 | Vaults:1 | Reached XP level 18. HP: 93/101 MP: 20/20
 45250 | Vaults:1 | m
 45505 | Vaults:1 | HP: 5/102 [cloud of flame (16)]
 45909 | Vaults:1 | Received a gift from Trog
 46121 | Vaults:1 | Noticed Snorg
 46123 | Vaults:1 | Killed Snorg
 47631 | Vaults:1 | Received a gift from Trog
 48581 | Elf:1    | Entered Level 1 of the Elven Halls
 49614 | Elf:2    | Received a gift from Trog
 49787 | Elf:2    | Reached skill level 22 in Dodging
 50246 | Elf:2    | Received a gift from Trog
 50768 | Elf:3    | Entered Level 3 of the Elven Halls
 51881 | Snake:5  | Noticed Frederick
 51888 | Snake:5  | Killed Frederick
 51979 | Snake:5  | Reached XP level 19. HP: 108/108 MP: 21/21
 52241 | Snake:5  | Received a gift from Trog
 52907 | Snake:5  | Reached skill level 10 in Shields
 54032 | Snake:5  | Got a serpentine rune of Zot
 54171 | Snake:5  | Received a gift from Trog
 55088 | Vaults:2 | Found Jiolamoiba's Magic Scroll Shop.
 55186 | Vaults:2 | Mangled by a vault warden

Action                   |  1- 3 |  4- 6 |  7- 9 | 10-12 | 13-15 | 16-18 | 19-21 || total
-------------------------+-------+-------+-------+-------+-------+-------+-------++-------
Melee: Short sword       |   146 |   236 |   201 |   240 |    34 |    68 |       ||   925
       Dagger            |       |       |   397 |   645 |       |       |       ||  1042
       Sabre             |       |       |       |   302 |  2490 |  2550 |   366 ||  5708
       Quick blade       |       |       |       |       |     8 |       |       ||     8
       Unarmed           |       |       |       |       |       |    33 |       ||    33
 Fire: Blowgun           |       |       |     1 |       |       |       |       ||     1
Invok: Berserk           |     1 |       |     6 |     7 |     5 |     5 |     2 ||    26
       Trog's Hand       |       |       |       |     2 |     1 |     2 |     2 ||     7
       Brothers in Arms  |       |       |       |     2 |     3 |    13 |     7 ||    25
       Burn Spellbooks   |       |       |       |       |       |     6 |       ||     6
 Abil: Evoke Jump Attack |       |       |       |       |       |     5 |       ||     5
Evoke: Wand              |       |       |       |     3 |     5 |    10 |       ||    18
       Miscellaneous     |       |       |       |     1 |       |       |       ||     1
  Use: Potion            |       |     5 |     1 |     5 |     8 |     6 |     3 ||    28
       Scroll            |       |       |    11 |     6 |    13 |     7 |     3 ||    40
 Stab: Sleeping          |     1 |     5 |    10 |    41 |   109 |   120 |    11 ||   297
       Distracted        |       |       |     1 |     2 |    10 |    14 |     4 ||    31
